| TOP OF THE 1ST |
|
Port Arthur Pirates batting - Pitching for Clearwater Threshers : RHP Richard Cratch
|
|
Pitching: RHP Richard Cratch
|
|
|
Batting: SHB Geoff Doggett
|
0-0: Ball 1-0: Ball 2-0: Ball 3-0: Base on Balls
|
|
Batting: LHB Pat Hodge
|
0-0: Called Strike 0-1: Ball 1-1: Ball 2-1: Foul Ball, location: 2F 2-2: Foul Ball, location: 2F 2-2: Ball 3-2: Base on Balls Geoff Doggett to second
|
|
Batting: LHB Ron Salcedo
|
0-0: Foul Ball, location: 2F 0-1: Foul Ball, location: 2F 0-2: Foul Ball, location: 2F 0-2: Foul Ball, location: 2F 0-2: Foul Ball, location: 2F 0-2: Ball 1-2: Ball 2-2: Strikes out swinging
|
|
Batting: RHB Steve Stanicek
|
0-0: Called Strike 0-1: DOUBLE (Line Drive, 3D, EV 95.0 MPH) Geoff Doggett scores Pat Hodge to third Runner from 3rd tries for Home, SAFE, throw by RF to trailing runner, SAFE at third!
|
|
Batting: LHB Dave Camara
|
0-0: DOUBLE (Groundball, 3D, EV 95.6 MPH) Steve Stanicek scores
|
|
Batting: RHB Billy Ripken
|
0-0: Fly out, F8 (Line Drive, 8RM, EV 91.9 MPH)
|
|
Batting: RHB Mark Dougherty
|
0-0: Called Strike 0-1: Ball 1-1: Swinging Strike 1-2: Ball 2-2: Ball 3-2: Foul Ball, location: 2F 3-2: Strikes out looking
|
| Top of the 1st over - 3 runs, 2 hits, 0 errors, 1 left on base; Port Arthur 3 - Clearwater 0 |
| BOTTOM OF THE 1ST |
|
Clearwater Threshers batting - Pitching for Port Arthur Pirates : RHP Armando Prieto
|
|
Pitching: RHP Armando Prieto
|
|
|
Batting: LHB Tom Jones
|
0-0: Called Strike 0-1: Called Strike 0-2: Foul Ball, location: 2F 0-2: Ball 1-2: Ball 2-2: Foul Ball, location: 2F 2-2: Foul Ball, location: 2F 2-2: Ball 3-2: Base on Balls
|
|
Batting: RHB Vincent Beringhele
|
0-0: Called Strike Tom Jones steals 2nd base (no throw) 0-1: DOUBLE (Line Drive, 7LS, EV 95.6 MPH) Tom Jones scores
|
|
Batting: RHB Gregory Norman
|
0-0: Ball 1-0: Called Strike 1-1: Fly out, F7 (Flyball, 78D, EV 95.0 MPH)
|
|
Batting: RHB Roy Wolfe
|
0-0: Fly out, F9 (Flyball, 9, EV 87.5 MPH)
|
|
Batting: LHB Virgilio Silverio
|
0-0: Ball 1-0: Swinging Strike 1-1: Fly out, F9 (Flyball, 9LS, EV 90.0 MPH)
|
| Bottom of the 1st over - 1 run, 1 hit, 0 errors, 1 left on base; Port Arthur 3 - Clearwater 1 |
| TOP OF THE 2ND |
|
Port Arthur Pirates batting - Pitching for Clearwater Threshers : RHP Richard Cratch
|
|
Batting: RHB Frank DeSantis
|
0-0: Ball 1-0: Foul Ball, location: 2F 1-1: Ball 2-1: Ball 3-1: Base on Balls
|
|
Batting: LHB Chris Rehbaum
|
0-0: Ball 1-0: Called Strike 1-1: Ball 2-1: Grounds into double play, 6-4-3 (Groundball, 6S, EV 78.1 MPH)
|
|
Batting: SHB Geoff Doggett
|
0-0: Called Strike 0-1: Foul Ball, location: 2F 0-2: Strikes out swinging
|
| Top of the 2nd over - 0 runs, 0 hits, 0 errors, 0 left on base; Port Arthur 3 - Clearwater 1 |
| BOTTOM OF THE 2ND |
|
Clearwater Threshers batting - Pitching for Port Arthur Pirates : RHP Armando Prieto
|
|
Batting: RHB Jason Porter
|
0-0: Ground out 5-3 (Groundball, 5S, EV 86.3 MPH)
|
|
Batting: RHB Pete Piskol
|
0-0: Foul Ball, location: 2F 0-1: Ball 1-1: Fly out, F8 (Line Drive, 8RD, EV 89.4 MPH)
|
|
Batting: RHB Glenn Swires
|
0-0: Foul Ball, location: 2F 0-1: Foul Ball, location: 2F 0-2: Strikes out swinging
|
| Bottom of the 2nd over - 0 runs, 0 hits, 0 errors, 0 left on base; Port Arthur 3 - Clearwater 1 |
| TOP OF THE 3RD |
|
Port Arthur Pirates batting - Pitching for Clearwater Threshers : RHP Richard Cratch
|
|
Batting: LHB Pat Hodge
|
0-0: Called Strike 0-1: Foul Ball, location: 2F 0-2: Ball 1-2: Ground out 6-3 (Groundball, 6S, EV 90.6 MPH)
|
|
Batting: LHB Ron Salcedo
|
0-0: Swinging Strike 0-1: Foul Ball, location: 2F 0-2: Ball 1-2: Foul Ball, location: 2F 1-2: Ball 2-2: SINGLE (Line Drive, 89M, EV 108.1 MPH)
|
|
Batting: RHB Steve Stanicek
|
0-0: Called Strike 0-1: Swinging Strike 0-2: Foul Ball, location: 2F 0-2: Strikes out swinging
|
|
Batting: LHB Dave Camara
|
0-0: Called Strike 0-1: Ground out 5-3 (Groundball, 56, EV 108.1 MPH)
|
| Top of the 3rd over - 0 runs, 1 hit, 0 errors, 1 left on base; Port Arthur 3 - Clearwater 1 |
| BOTTOM OF THE 3RD |
|
Clearwater Threshers batting - Pitching for Port Arthur Pirates : RHP Armando Prieto
|
|
Batting: RHB Pedro Hernandez
|
0-0: Ball 1-0: Called Strike 1-1: Ground out 3-1 (Groundball, 34, EV 80.0 MPH)
|
|
Batting: LHB Tom Jones
|
0-0: Ball 1-0: Ball 2-0: Ball 3-0: Base on Balls
|
|
Batting: RHB Vincent Beringhele
|
0-0: Ball 1-0: Ball Tom Jones steals 2nd base (no throw) 2-0: Ball 3-0: Base on Balls
|
|
Batting: RHB Gregory Norman
|
0-0: Called Strike 0-1: Foul Ball, location: 2F 0-2: Ball 1-2: Ball 2-2: Grounds into double play, 6-4-3 (Groundball, 6S, EV 83.1 MPH)
|
| Bottom of the 3rd over - 0 runs, 0 hits, 0 errors, 1 left on base; Port Arthur 3 - Clearwater 1 |
| TOP OF THE 4TH |
|
Port Arthur Pirates batting - Pitching for Clearwater Threshers : RHP Richard Cratch
|
|
Batting: RHB Billy Ripken
|
0-0: Ball 1-0: Called Strike 1-1: SINGLE (Groundball, 4MD, EV 105.6 MPH)
|
|
Batting: RHB Mark Dougherty
|
0-0: Swinging Strike 0-1: Ball 1-1: Foul Ball, location: 2F 1-2: Foul Ball, location: 2F 1-2: Foul Ball, location: 2F 1-2: Ball 2-2: Grounds into double play, 4-6-3 (Groundball, 34, EV 86.9 MPH)
|
|
Batting: RHB Frank DeSantis
|
0-0: Called Strike 0-1: Fly out, F9 (Flyball, 89XD, EV 103.1 MPH)
|
| Top of the 4th over - 0 runs, 1 hit, 0 errors, 0 left on base; Port Arthur 3 - Clearwater 1 |
| BOTTOM OF THE 4TH |
|
Clearwater Threshers batting - Pitching for Port Arthur Pirates : RHP Armando Prieto
|
|
Batting: RHB Roy Wolfe
|
0-0: Fly out, F9 (Flyball, 9S, EV 85.6 MPH)
|
|
Batting: LHB Virgilio Silverio
|
0-0: Called Strike 0-1: Foul Ball, location: 2F 0-2: Ball 1-2: Strikes out swinging
|
|
Batting: RHB Jason Porter
|
0-0: Ball 1-0: Swinging Strike 1-1: Foul Ball, location: 2F 1-2: Fly out, F8 (Flyball, 8RS, EV 80.6 MPH)
|
| Bottom of the 4th over - 0 runs, 0 hits, 0 errors, 0 left on base; Port Arthur 3 - Clearwater 1 |
| TOP OF THE 5TH |
|
Port Arthur Pirates batting - Pitching for Clearwater Threshers : RHP Richard Cratch
|
|
Batting: LHB Chris Rehbaum
|
0-0: Ball 1-0: Foul Ball, location: 2F 1-1: Ground out 6-3 (Groundball, 6, EV 104.4 MPH)
|
|
Batting: SHB Geoff Doggett
|
0-0: Ball 1-0: Ball 2-0: Ball 3-0: Base on Balls
|
|
Batting: LHB Pat Hodge
|
0-0: Ball 1-0: Ball Geoff Doggett steals 2nd base 2-0: Foul Ball, location: 2F 2-1: Foul Ball, location: 2F 2-2: Strikes out swinging
|
|
Batting: LHB Ron Salcedo
|
0-0: Swinging Strike 0-1: Called Strike 0-2: Ball 1-2: SINGLE (Flyball, 8RS, EV 88.8 MPH) Geoff Doggett to third Runner from 3rd tries for Home, SAFE, throw by CF to home
|
|
Batting: RHB Steve Stanicek
|
0-0: Swinging Strike 0-1: Foul Ball, location: 2F 0-2: Ball 1-2: SINGLE (Line Drive, 8LS, EV 98.8 MPH) Ron Salcedo to second Runner from 2nd tries for 3rd, SAFE, throw by CF made to third
|
|
Batting: LHB Dave Camara
|
0-0: Swinging Strike 0-1: Swinging Strike 0-2: Foul Ball, location: 2F 0-2: Ground out U3 (Groundball, 3, EV 94.4 MPH)
|
| Top of the 5th over - 1 run, 2 hits, 0 errors, 2 left on base; Port Arthur 4 - Clearwater 1 |
| BOTTOM OF THE 5TH |
|
Clearwater Threshers batting - Pitching for Port Arthur Pirates : RHP Armando Prieto
|
|
Batting: RHB Pete Piskol
|
0-0: Ground out 6-3 (Groundball, 6, EV 87.5 MPH)
|
|
Batting: RHB Glenn Swires
|
0-0: Ball 1-0: Swinging Strike 1-1: Ground out 4-3 (Groundball, 4, EV 82.5 MPH)
|
|
Batting: RHB Pedro Hernandez
|
0-0: Ball 1-0: Ball 2-0: Fly out, F8 (Flyball, 8RM, EV 93.1 MPH)
|
| Bottom of the 5th over - 0 runs, 0 hits, 0 errors, 0 left on base; Port Arthur 4 - Clearwater 1 |
| TOP OF THE 6TH |
|
Port Arthur Pirates batting - Pitching for Clearwater Threshers : RHP Richard Cratch
|
|
Batting: RHB Billy Ripken
|
0-0: DOUBLE (Line Drive, 7LM, EV 107.5 MPH)
|
|
Batting: RHB Mark Dougherty
|
0-0: Ground out 4-3 (Groundball, 13, EV 86.9 MPH) Billy Ripken to third
|
|
Batting: RHB Frank DeSantis
|
0-0: Ball 1-0: Called Strike 1-1: Ball 2-1: Swinging Strike 2-2: Foul Ball, location: 2F 2-2: Ball 3-2: Base on Balls
|
|
Pitching: LHP Raymond Gallo
|
|
|
Batting: LHB Chris Rehbaum
|
0-0: DOUBLE (Flyball, 8RXD, EV 107.5 MPH) Billy Ripken scores Frank DeSantis to third Runner from 3rd tries for Home, SAFE, throw by CF to home
|
|
Batting: SHB Geoff Doggett
|
0-0: Called Strike Chris Rehbaum steals 3rd base 0-1: Ball 1-1: Called Strike 1-2: Strikes out swinging
|
|
Pitching: LHP Angelo Gilbert
|
|
|
Batting: LHB Pat Hodge
|
0-0: Called Strike 0-1: Ball 1-1: Ground out 6-3 (Groundball, 6D, EV 105.0 MPH)
|
| Top of the 6th over - 2 runs, 2 hits, 0 errors, 1 left on base; Port Arthur 6 - Clearwater 1 |
| BOTTOM OF THE 6TH |
|
Clearwater Threshers batting - Pitching for Port Arthur Pirates : RHP Armando Prieto
|
|
Batting: LHB Tom Jones
|
0-0: Ball 1-0: Foul Ball, location: 2F 1-1: Ball 2-1: Ball 3-1: Base on Balls
|
|
Batting: RHB Vincent Beringhele
|
0-0: Ball 1-0: Fielders Choice at 2nd, 3-6 (Groundball, 3, EV 85.6 MPH)
|
|
Batting: RHB Gregory Norman
|
0-0: Called Strike 0-1: Ball 1-1: Called Strike 1-2: Fly out, F8 (Flyball, 8RXD, EV 100.0 MPH)
|
|
Batting: RHB Roy Wolfe
|
0-0: Called Strike 0-1: Foul Ball, location: 2F 0-2: Foul Ball, location: 2F 0-2: DOUBLE (Flyball, 89XD, EV 108.8 MPH) Vincent Beringhele to third Runner from 3rd tries for Home, SAFE, throw by CF to home
|
|
Batting: LHB Virgilio Silverio
|
0-0: Ball 1-0: Called Strike 1-1: Ball 2-1: Ball 3-1: Fly out, F7 (Line Drive, 7, EV 92.5 MPH)
|
| Bottom of the 6th over - 1 run, 1 hit, 0 errors, 1 left on base; Port Arthur 6 - Clearwater 2 |
| TOP OF THE 7TH |
|
Port Arthur Pirates batting - Pitching for Clearwater Threshers : LHP Angelo Gilbert
|
|
Batting: LHB Ron Salcedo
|
0-0: Ball 1-0: Ball 2-0: SOLO HOME RUN (Flyball, 89XD, EV 94.4 MPH), Distance : 404 ft
|
|
Batting: RHB Steve Stanicek
|
0-0: Foul Ball, location: 2F 0-1: Fly out, F8 (Flyball, 8RS, EV 81.3 MPH)
|
|
Batting: LHB Dave Camara
|
0-0: Ball 1-0: Called Strike 1-1: Ground out 1-3 (Groundball, 13, EV 75.6 MPH)
|
|
Batting: RHB Billy Ripken
|
0-0: Foul Ball, location: 2F 0-1: Ground out 4-3 (Groundball, 4, EV 88.1 MPH)
|
| Top of the 7th over - 1 run, 1 hit, 0 errors, 0 left on base; Port Arthur 7 - Clearwater 2 |
| BOTTOM OF THE 7TH |
|
Clearwater Threshers batting - Pitching for Port Arthur Pirates : RHP Armando Prieto
|
|
Batting: RHB Jason Porter
|
0-0: Called Strike 0-1: Ball 1-1: Ground out 4-3 (Groundball, 4, EV 92.5 MPH)
|
|
Batting: RHB Pete Piskol
|
0-0: SINGLE (Groundball, 4MD, EV 103.1 MPH)
|
|
Batting: RHB Glenn Swires
|
0-0: Called Strike 0-1: Ball 1-1: Grounds into double play, 6-4-3 (Groundball, 56, EV 103.1 MPH)
|
| Bottom of the 7th over - 0 runs, 1 hit, 0 errors, 0 left on base; Port Arthur 7 - Clearwater 2 |
| TOP OF THE 8TH |
|
Port Arthur Pirates batting - Pitching for Clearwater Threshers : LHP Angelo Gilbert
|
|
Batting: RHB Mark Dougherty
|
0-0: Called Strike 0-1: Fly out, F8 (Flyball, 89D, EV 97.5 MPH)
|
|
Batting: RHB Frank DeSantis
|
0-0: Ball 1-0: Called Strike 1-1: Foul Ball, location: 2F 1-2: DOUBLE (Flyball, 8LXD, EV 106.3 MPH)
|
|
Batting: LHB Chris Rehbaum
|
0-0: Ball 1-0: Ball 2-0: Foul Ball, location: 2F 2-1: Ball 3-1: Called Strike 3-2: Foul Ball, location: 2F 3-2: Foul Ball, location: 2F 3-2: Strikes out swinging
|
|
Batting: SHB Geoff Doggett
|
0-0: Called Strike 0-1: Swinging Strike 0-2: Ball 1-2: Strikes out swinging
|
| Top of the 8th over - 0 runs, 1 hit, 0 errors, 1 left on base; Port Arthur 7 - Clearwater 2 |
| BOTTOM OF THE 8TH |
|
Clearwater Threshers batting - Pitching for Port Arthur Pirates : RHP Armando Prieto
|
|
Batting: RHB Pedro Hernandez
|
0-0: SINGLE (Line Drive, 8RS, EV 98.1 MPH)
|
|
Batting: LHB Tom Jones
|
0-0: Foul Ball, location: 2F 0-1: Fly out, F8 (Line Drive, 8LM, EV 93.1 MPH)
|
|
Batting: RHB Vincent Beringhele
|
0-0: Called Strike 0-1: Foul Ball, location: 2F 0-2: Ball 1-2: Fly out, F8 (Flyball, 78D, EV 95.0 MPH)
|
|
Batting: RHB Gregory Norman
|
0-0: Ground out U3 (Groundball, 3L, EV 88.8 MPH)
|
| Bottom of the 8th over - 0 runs, 1 hit, 0 errors, 1 left on base; Port Arthur 7 - Clearwater 2 |
| TOP OF THE 9TH |
|
Port Arthur Pirates batting - Pitching for Clearwater Threshers : LHP Angelo Gilbert
|
|
Batting: LHB Pat Hodge
|
0-0: Ball 1-0: Ball 2-0: Ball 3-0: Called Strike 3-1: Base on Balls
|
|
Batting: LHB Ron Salcedo
|
0-0: Foul Ball, location: 2F 0-1: 2-RUN HOME RUN (Flyball, 9LD, EV 93.1 MPH), Distance : 361 ft
|
|
Pinch Hitting: RHB Michael Kwiecinski
|
0-0: Called Strike 0-1: Fly out, F6 (Popup, 6MS, EV 75.0 MPH)
|
|
Pinch Hitting: RHB Ruben Arias
|
0-0: SINGLE (Groundball, 5D, EV 94.4 MPH)
|
|
Pinch Hitting: RHB Kenneth Brown
|
0-0: Called Strike Ruben Arias steals 2nd base 0-1: Foul Ball, location: 2F 0-2: Fly out, F7 (Flyball, 78M, EV 86.9 MPH)
|
|
Pinch Hitting: RHB Willis Valdez
|
0-0: 2-RUN HOME RUN (Flyball, 89XD, EV 101.9 MPH), Distance : 401 ft
|
|
Pinch Hitting: RHB Keith Fisher
|
0-0: Ball 1-0: Ball 2-0: Ball 3-0: Base on Balls
|
|
Pitching: LHP Ricky Garcia
|
|
|
Pinch Hitting: LHB Michael Bertalot
|
0-0: Called Strike 0-1: Ball 1-1: Called Strike 1-2: Ground out 4-3 (Groundball, 4, EV 110.6 MPH)
|
| Top of the 9th over - 4 runs, 3 hits, 0 errors, 1 left on base; Port Arthur 11 - Clearwater 2 |
| BOTTOM OF THE 9TH |
|
Clearwater Threshers batting - Pitching for Port Arthur Pirates : RHP Armando Prieto
|
|
Now at C: Keith Fisher
|
|
|
Now at 1B: Donald Harkness
|
|
|
Now at 2B: Willis Valdez
|
|
|
Now at SS: Kenneth Brown
|
|
|
Now in LF: Michael Cain
|
|
|
Now in CF: Ruben Arias
|
|
|
Batting: RHB Roy Wolfe
|
0-0: DOUBLE (Flyball, 8RXD, EV 95.6 MPH)
|
|
Batting: LHB Virgilio Silverio
|
0-0: Ground out 6-3 (Groundball, 6, EV 83.1 MPH)
|
|
Pinch Hitting: RHB Sean Severns
|
0-0: Foul Ball, location: 2F 0-1: Called Strike 0-2: Strikes out swinging
|
|
Batting: RHB Pete Piskol
|
0-0: Called Strike 0-1: Ball 1-1: Ball 2-1: Ball 3-1: Fly out, F4 (Popup, 4, EV 74.4 MPH)
|
| Bottom of the 9th over - 0 runs, 1 hit, 0 errors, 1 left on base; Port Arthur 11 - Clearwater 2 |
|